 Dungeon Crawl Stone Soup version 0.29-a0-982-gaed3a0c8d8 (webtiles) character file.

Game seed: 7328673609051711415

9837 IdlyInterested the Cleaver (level 11, -5/91 HPs)
             Began as a Demonspawn Fighter on Aug 1, 2022.
             Slain by a swamp worm (13 damage)
             ... on level 10 of the Dungeon.
             The game lasted 00:33:03 (10505 turns).

IdlyInterested the Cleaver (Demonspawn Fighter)    Turns: 10505, Time: 00:33:03

Health: -5/91      AC: 12    Str: 19    XL:     11   Next: 28%
Magic:  11/11      EV: 19    Int:  9    God:
Gold:   193        SH: 11    Dex: 17    Spells: 10/10 levels left

rFire   + . .      SeeInvis .   a - +3 war axe (vamp)
rCold   . . .      Faith    .   D - +0 buckler
rNeg    . . .      Spirit   .   C - +0 acid dragon scales
rPois   .          Reflect  +   r - +2 hat
rElec   .          Harm     .   s - +0 cloak
rCorr   +          Rampage  .   f - +0 pair of gloves
Will    +....                   (no boots)
Stlth   ++........              l - amulet of reflection
HPRegen 0.25/turn               p - ring of flight
MPRegen 0.12/turn               K - +4 ring of evasion

@: flying
A: hooves 2, repulsion field 2, powered by death 1, spiny 1, demonic willpower,
agile 1, fire resistance 1, robust 1
a: no special abilities


You were on level 10 of the Dungeon.
You visited 2 branches of the dungeon, and saw 11 of its levels.

You collected 668 gold pieces.
You spent 475 gold pieces at shops.

Inventory:

Hand Weapons
 a - a +3 vampiric war axe (weapon)
 b - the +0 trident of Past Mistakes {speed, Will+ rCorr}
   (You found it on level 6 of the Dungeon)

   Attacks with this weapon are significantly faster.
   rCorr:     It protects you from acid and corrosion.
   Will:      It increases your willpower.
 c - a +3 morningstar of protection
 k - a +0 war axe
 B - the +10 quarterstaff of Equilibrium {vamp, rN+ Will- Int+2}
   (You bought it in a shop on level 2 of the Dungeon)

   It occasionally heals its wielder for a portion of the damage dealt when it
   wounds a living foe.
   Int:       It affects your intelligence (+2).
   rN:        It protects you from negative energy.
   Will:      It decreases your willpower.
Missiles
 o - 15 boomerangs (quivered)
 E - 7 poisoned darts
 G - a throwing net
 M - 5 javelins
Armour
 e - a +1 ring mail of fire resistance
 f - a +0 pair of gloves (worn)
 r - a +2 hat (worn)
 s - a +0 cloak (worn)
 t - a +0 crystal plate armour
 C - +0 acid dragon scales (worn)
 D - a +0 buckler (worn)
Jewellery
 j - a ring of positive energy
 l - an amulet of reflection (around neck)
 p - a ring of flight (left hand)
 z - a ring of protection from fire
 K - a +4 ring of evasion (right hand)
 L - a ring of protection from cold
Wands
 i - a wand of mindburst (5)
 u - a wand of flame (14)
 v - a wand of roots (3)
 y - a wand of polymorph (13)
 J - a wand of paralysis (3)
Scrolls
 g - 5 scrolls of teleportation
Potions
 d - a potion of heal wounds
 h - a potion of ambrosia
 m - 3 potions of might
 n - 3 potions of haste
 q - a potion of resistance
 w - 6 potions of curing
 x - 2 potions of brilliance
 A - a potion of mutation
 H - a potion of magic
Miscellaneous
 F - a piece from Xom's chessboard (15/15)


   Skills:
 + Level 6.4 Fighting
 * Level 12.1 Axes
 - Level 3.0 Throwing
 - Level 6.0 Armour
 - Level 3.0 Dodging
 - Level 3.0 Stealth
 - Level 6.0 Shields
 + Level 3.0 Evocations


You had 10 spell levels left.
You didn't know any spells.
Your spell library contained the following spells:

 Spells                   Type           Power      Damage    Failure   Level
 Static Discharge         Conj/Air       0%         3-3/arc   69%         2
 Dispel Undead            Necr           0%         3d6       100%        4
 Sticky Flame             Conj/Fire      0%         2d3       100%        4


Dungeon Overview and Level Annotations

Branches:
Dungeon (10/15)            Temple (1/1) D:4            Lair (0/5) D:8
    Orc: D:9-12

Altars:
Ashenzari
Cheibriados
Dithmenos
Fedhas
Gozag
Hepliaklqana
Kikubaaqudgha
Makhleb
Nemelex Xobeh
Okawaru
Qazlal
Ru
Sif Muna
Trog
Uskayaw
Vehumet
Wu Jian
Xom
Yredelemnul

Shops:
D:2 (   D:6 *

Annotations:
D:10 1 transporter


Innate Abilities, Weirdness & Mutations

You have hoof-like feet.
You are surrounded by a moderate repulsion field. (EV +3)
You regenerate a little health from kills.
You are partially covered in sharp spines.
You punish those that try to bend your will. (Will+)
You are agile. (Dex +4, Str/Int -1)
Your flesh is heat resistant. (rF+)
You are robust. (+10% HP)


Message History

The harpoon shot hits you but does no damage.
You barely miss the swamp worm. Your kick misses the swamp worm.
You completely miss the briar patch. The swamp worm barely misses you.
The swamp worm fires a harpoon shot at you.
The harpoon shot misses you.
You closely miss the swamp worm.
You are struck by the briar patch's thorns.
* * * LOW HITPOINT WARNING * * *
You hit the briar patch but do no damage.
The swamp worm is struck by your spines.
The swamp worm barely misses you.
Unknown command.
You miss the swamp worm.
The swamp worm is lightly wounded.
You are struck by the briar patch's thorns.
* * * LOW HITPOINT WARNING * * *
You hit the briar patch but do no damage.
The swamp worm is struck by your spines.
The swamp worm barely misses you.
You slash the swamp worm!
You feel better.
Your kick misses the swamp worm.
The swamp worm is moderately wounded.
You are struck by the briar patch's thorns.
* * * LOW HITPOINT WARNING * * *
You hit the briar patch but do no damage.
The swamp worm is struck by your spines.
The swamp worm closely misses you.
Okay, then.
You feel much better. The swamp worm closely misses you.
You closely miss the swamp worm. Your kick misses the swamp worm.
The swamp worm is heavily wounded.
You hit the briar patch but do no damage.
You block the swamp worm's attack. The swamp worm bites you!
* * * LOW HITPOINT WARNING * * *
Unknown command.
You hit the swamp worm.
The swamp worm is heavily wounded.
You are struck by the briar patch's thorns.
* * * LOW HITPOINT WARNING * * *
You hit the briar patch. The swamp worm bites you!
You die...

+.'.......'.........!...÷.<..[...
###.......##.##########.#..#####.
# #...######.##########.#.#....#.
# #...# ###............#.#......
# #...# ##.........######.####.##
#########.....©.....#####.####...
............#####...............#
#########.###P©.###.#####.####..#
..<...# #.#♣≈.^.@##.# #.# #..#
......###.##≈P^P≈w#.# #.# #..#
......##..#†≈P^P≈##.#####.# #...
......##..###○^P≈♣#.#.....####...
.....÷....#♣≈P^°###.#.#<.........
....÷÷##..##≈P^P≈w#.^....######.#
......##..#w≈P°P≈##...##.########
#########.####+####.#..#.##≈≈....
##### ###.#!?$#...#..#.##≈_.≈.≈


You could see 3 swamp worms.

Vanquished Creatures
  Urug (D:10)
  Pikel (D:7)
  Joseph (D:7)
  A troll (D:10)
  A hornet (D:10)
  Grinder (D:3)
  2 wraiths (D:10)
  17 yaks
  A shadow (D:7)
  3 wyverns (D:10)
  A steam dragon (D:8)
  Grum (D:9)
  A swamp worm (D:10)
  Edmund (D:6)
  2 acid dragons (D:8)
  3 black bears
  A sky beast (D:7)
  2 orc warriors (D:9)
  4 wolves (D:9)
  2 ogres
  2 centaurs
  A lemure (D:7)
  A kobold brigand (D:8)
  5 necrophages
  4 bullfrogs
  2 gnoll sergeants
  A scorpion (D:6)
  9 wights
  3 howler monkeys
  4 hounds
  5 gnoll boudas
  A jelly (D:5)
  8 orc priests
  Crazy Yiuf (D:5)
  Jessica (D:2)
  Ijyb (D:4)
  Terence (D:2)
  An iguana (D:4)
  7 orc wizards
  31 gnolls
  9 adders
  A white imp (D:5)
  2 ufetubi
  A worm (D:2)
  3 dart slugs
  31 orcs
  7 ball pythons
  3 endoplasms
  5 goblins
  7 hobgoblins
  11 jackals
  7 quokkas
  5 bats
  A frilled lizard (D:2)
  9 kobolds
  6 rats
  2 briar patches (D:10)
246 creatures vanquished.

Vanquished Creatures (others)
  A briar patch (D:10)
1 creature vanquished.

Grand Total: 247 creatures vanquished

Notes
Turn   | Place    | Note
-------+----------+-------------------------------------------
     0 | D:1      | IdlyInterested the Demonspawn Fighter began the quest for
                  | the Orb.
     0 | D:1      | Reached XP level 1. HP: 18/18 MP: 1/1
   165 | D:1      | Reached skill level 2 in Axes
   393 | D:1      | Gained mutation: You regenerate a little health from kills.
                  | [demonic ancestry]
   393 | D:1      | Reached XP level 2. HP: 23/24 MP: 2/2
   544 | D:1      | Reached skill level 1 in Dodging
   770 | D:1      | Found a faded altar of an unknown god.
   891 | D:2      | Reached XP level 3. HP: 29/29 MP: 3/3
   971 | D:2      | Found Ahaur's Antique Weapon Shoppe.
   989 | D:2      | Reached skill level 3 in Axes
  1089 | D:2      | Noticed Jessica
  1093 | D:2      | Killed Jessica
  1094 | D:2      | Reached XP level 4. HP: 35/35 MP: 4/4
  1274 | D:2      | Noticed Terence
  1286 | D:2      | Killed Terence
  2111 | D:3      | Noticed Grinder
  2115 | D:3      | Reached skill level 4 in Axes
  2117 | D:3      | Paralysed by Grinder for 3 turns
  2121 | D:3      | Killed Grinder
  2122 | D:3      | Reached skill level 5 in Axes
  2122 | D:3      | Gained mutation: You have large cloven feet. [demonic
                  | ancestry]
  2122 | D:3      | Reached XP level 5. HP: 31/41 MP: 5/5
  2122 | D:3      | Gained mutation: You are partially covered in sharp spines.
                  | [demonic ancestry]
  2122 | D:3      | Reached XP level 6. HP: 35/47 MP: 6/6
  2884 | D:2      | Bought an iridescent quarterstaff for 171 gold pieces
  2884 | D:2      | Identified the +4 quarterstaff "Omytatip" {venom, Will+
                  | Int+6} (You bought it in a shop on level 2 of the Dungeon)
  3343 | D:4      | Reached XP level 7. HP: 50/52 MP: 7/7
  3468 | D:4      | Noticed Ijyb
  3518 | D:4      | Killed Ijyb
  3519 | D:4      | Reached skill level 1 in Evocations
  3742 | D:4      | Found a staircase to the Ecumenical Temple.
  3755 | Temple   | Entered the Ecumenical Temple
  4339 | D:2      | Bought a faintly glowing quarterstaff for 171 gold pieces
  4339 | D:2      | Identified the +10 quarterstaff of Equilibrium {vamp, rN+
                  | Will- Int+2} (You bought it in a shop on level 2 of the
                  | Dungeon)
  4458 | D:5      | Entered Level 5 of the Dungeon
  4494 | D:5      | Reached skill level 6 in Axes
  4778 | D:5      | Gained mutation: You punish those that try to bend your
                  | will. (Will+) [demonic ancestry]
  4778 | D:5      | Reached XP level 8. HP: 51/58 MP: 8/8
  4898 | D:5      | Found a sparkling altar of Nemelex Xobeh.
  4898 | D:5      | Found an ancient bone altar of Kikubaaqudgha.
  4929 | D:5      | Found a snail-covered altar of Cheibriados.
  4941 | D:5      | Reached skill level 7 in Axes
  5060 | D:5      | Found a runed translucent door.
  5061 | D:5      | Noticed Crazy Yiuf
  5412 | D:5      | Killed Crazy Yiuf
  5534 | D:6      | Identified the +0 trident of Past Mistakes {speed, Will+
                  | rCorr}
  5544 | D:6      | Found Beso's Assorted Antiques.
  5751 | D:6      | Noticed Edmund
  5762 | D:6      | Killed Edmund
  5763 | D:6      | Reached skill level 1 in Throwing
  6011 | D:6      | Gained mutation: You occasionally shout uncontrollably at
                  | your foes. [potion of mutation]
  6011 | D:6      | Gained mutation: You are occasionally teleported next to
                  | monsters. [potion of mutation]
  6012 | D:6      | Lost mutation: You are occasionally teleported next to
                  | monsters. [potion of mutation]
  6012 | D:6      | Lost mutation: You occasionally shout uncontrollably at
                  | your foes. [potion of mutation]
  6012 | D:6      | Gained mutation: You have hidden genetic potential. [potion
                  | of mutation]
  6012 | D:6      | Gained mutation: You are robust. (+10% HP) [potion of
                  | mutation]
  6451 | D:6      | Reached skill level 8 in Axes
  6777 | D:2      | Bought a glowing morningstar for 133 gold pieces
  6966 | D:7      | Gained mutation: You have hoof-like feet. [demonic
                  | ancestry]
  6966 | D:7      | Reached XP level 9. HP: 69/72 MP: 9/9
  7082 | D:7      | Noticed Joseph
  7096 | D:7      | Killed Joseph
  7097 | D:7      | Reached skill level 5 in Fighting
  7097 | D:7      | Reached skill level 9 in Axes
  7097 | D:7      | Reached skill level 1 in Stealth
  7122 | D:7      | Gained mutation: You are agile. (Dex +4, Str/Int -1)
                  | [hidden potential]
  7161 | D:7      | Noticed Pikel
  7171 | D:7      | Killed Pikel
  7795 | D:8      | Reached skill level 10 in Axes
  7795 | D:8      | Reached skill level 5 in Shields
  7937 | D:8      | Gained mutation: You are surrounded by a mild repulsion
                  | field. (EV +2) [demonic ancestry]
  7937 | D:8      | Reached XP level 10. HP: 74/81 MP: 10/10
  8150 | D:8      | Found a basalt altar of Yredelemnul.
  8208 | D:8      | Found a staircase to the Lair.
  8209 | D:8      | Noticed a centaur warrior
  8209 | D:8      | Noticed a centaur warrior
  8209 | D:8      | Noticed a deep elf pyromancer
  8209 | D:8      | Noticed a gargoyle
  8210 | D:8      | Noticed a purple ugly thing
  8220 | D:8      | Noticed a shock serpent
  8221 | D:8      | Noticed a tengu warrior
  8231 | D:8      | Noticed a cyclops
  8328 | D:8      | Noticed a two-headed ogre
  8739 | D:9      | Identified the +7 sling "Niebihij" {flame, Stlth+}
  8844 | D:9      | Gained mutation: Your flesh is heat resistant. (rF+)
                  | [hidden potential]
  8844 | D:9      | Lost mutation: You have hidden genetic potential. [hidden
                  | potential expressed]
  9205 | D:9      | Reached skill level 11 in Axes
  9308 | D:9      | Noticed Grum
  9320 | D:9      | Killed Grum
  9565 | D:10     | Entered Level 10 of the Dungeon
  9642 | D:10     | Reached skill level 5 in Armour
  9723 | D:10     | Found a transporter.
  9835 | D:10     | Noticed Urug
  9847 | D:10     | Killed Urug
 10017 | D:10     | Found a sacrificial altar of Ru.
 10096 | D:10     | Gained mutation: You are surrounded by a moderate repulsion
                  | field. (EV +3) [demonic ancestry]
 10096 | D:10     | Reached XP level 11. HP: 71/89 MP: 11/11
 10111 | D:10     | Found a transporter.
 10169 | D:10     | Reached skill level 12 in Axes
 10502 | D:10     | HP: 2/91 [briar patch's spines (12)]
 10505 | D:10     | Slain by a swamp worm

Illustrated notes

Levels and vault maps discovered:
D:1:      dpeg_arrival_castle, layout_loops_ring,
          hellmonk_ecumenical_altar_leap_of_faith, minmay_pentomino_o2
D:2:      layout_loops_cross, basic_altar, serial_shops, shop, uniq_jessica,
          uniq_terence
D:3:      layout_basic, st_stairs_9, uniq_grinder
D:4:      layout_loops_corners, minmay_temple_entry_ruins,
          kennysheep_orc_chapel, uniq_ijyb
D:5:      layout_loops_cross, kennysheep_slug_shrine,
          gammafunk_temple_overflow_wave, uniq_crazy_yiuf_cottage
D:6:      layout_cave_pools, serial_shops, shop, hangedman_decor_slide_cut,
          uniq_edmund
D:7:      nicolae_cairo_tiling, layout_basic, uniq_joseph, uniq_pikel
D:8:      layout_gridville, kennysheep_ying_yang, lair_entry_dummy, minivault_12
D:9:      layout_irregular_city, uniq_grum
D:10:     gammafunk_worm_tunnel, layout_basic, nicolae_ru_path_of_blood,
          uniq_urug
Temple:   nicolae_temple_elliptical

Skill      XL: |  1  2  3  4  5  6  7  8  9 10 11 |
---------------+----------------------------------+-----
Axes           | 2 3 5 6 8 10 11 12 | 12.1
Dodging        | 1 3 |  3.0
Armour         | 3 5 6 |  6.0
Shields        | 3 4 5 6 |  6.0
Evocations     | 2 3 |  3.0
Throwing       | 2 3 |  3.0
Fighting       | 4 5 6 |  6.4
Stealth        | 3 |  3.0

Action                   |  1- 3 |  4- 6 |  7- 9 | 10-12 || total
-------------------------+-------+-------+-------+-------++-------
Melee: War axe           |    77 |   110 |   250 |   218 ||   655
       Kick              |       |     5 |    77 |    78 ||   160
       Unarmed           |       |       |    40 |       ||    40
Throw: Boomerang         |       |     2 |    11 |       ||    13
  Use: Scroll            |     2 |    10 |    10 |     2 ||    24
       Potion            |       |     1 |     2 |     2 ||     5
 Stab: Sleeping          |       |       |     1 |     1 ||     2
Armor: Chain mail        |    74 |    75 |    66 |       ||   215
       Crystal plate arm |       |       |    60 |       ||    60
       Acid dragon scale |       |       |     2 |    42 ||    44
Dodge: Dodged            |    31 |    38 |    95 |   129 ||   293
Block: Buckler           |    40 |    56 |   164 |   135 ||   395
       Other             |       |       |     4 |       ||     4
       Reflection        |       |       |     5 |     3 ||     8

Table legend: (Time is in decaauts)
 A = Elapsed time spent in this place.
 B = Non-inter-level travel time spent in this place.
 C = Inter-level travel time spent in this place.
 D = Time resting spent in this place.
 E = Time spent auto-exploring this place.
 F = Levels seen in this place.
 G = Mean time per level.
                   A        B        C        D        E       F      G
               +--------+--------+--------+--------+--------+-----+--------+
         Total |  10624 |   8943 |   1681 |    802 |   5816 |  11 |  965.8 |
       Dungeon |  10446 |   8804 |   1642 |    802 |   5695 |  10 | 1044.6 |
        Temple |    178 |    139 |     39 |      0 |    121 |   1 |  178.0 |
               +--------+--------+--------+--------+--------+-----+--------+

Top non-repeatable levels by time:
     D:2: 1296 daAuts
     D:5: 1259 daAuts
     D:4: 1244 daAuts
     D:6: 1105 daAuts
     D:1: 994 daAuts
     D:3: 972 daAuts
     D:9: 958 daAuts
     D:8: 903 daAuts
     D:7: 880 daAuts
    D:10: 832 daAuts
  Temple: 178 daAuts
